 Dungeon Crawl Stone Soup version 0.28-a0-794-gafe8c5f9e9 (webtiles) character file.

Game seed: 13049986037833926930

1182 cheechan the Cutter (level 8, -3/109 HPs)
             Began as a Naga Monk on Nov 5, 2021.
             Killed by divine providence
             ... invoked by an orc priest
              (12 damage)
             ... on level 6 of the Dungeon.
             The game lasted 00:18:33 (5101 turns).

cheechan the Cutter (Naga Monk)                     Turns: 5101, Time: 00:18:34

Health: -3/109     AC: 28    Str: 16    XL:     8   Next: 42%
Magic:  10/10      EV:  1    Int: 11    God:
Gold:   221        SH:  0    Dex: 19    Spells: 8/9 levels left

rFire   . . .      SeeInvis +   a - +3 short sword
rCold   . . .      Faith    .   (no shield)
rNeg    . . .      Spirit   .   (armour currently unavailable)
rPois   +          Reflect  .   (helmet currently unavailable)
rElec   .          Harm     .   (cloak currently unavailable)
rCorr   .          Rampage  .   (gloves currently unavailable)
Will    +....      NoTele   +   (no barding)
Stlth   +++.......              (no amulet)
HPRegen 0.28/turn               e - +6 ring of dexterity
MPRegen 0.12/turn               m - +4 ring of protection

@: agile, tree-form
A: stationary, stasis, torment immunity, boosted hp, AC +2, large, see
invisible, (deformed body), (poison resistance), (slowness 2), spit poison 1,
(naga tail 1)
a: Spit Poison


You were on level 6 of the Dungeon.
You were a tree.
You visited 1 branch of the dungeon, and saw 6 of its levels.

You collected 221 gold pieces.

Inventory:

Hand Weapons
 a - a +3 short sword (weapon)
Missiles
 c - 66 poisoned darts
 n - 11 arrows
 r - 47 bolts
Armour
 g - a +2 leather armour of cold resistance (melded)
 h - a +0 pair of gloves (melded)
 u - a +0 barding (melded)
Jewellery
 e - a +6 ring of dexterity (left branch)
 m - a +4 ring of protection (right branch)
 o - a ring of wizardry
Wands
 i - a wand of acid (4)
Potions
 b - a potion of ambrosia {unknown}
 d - 2 potions of attraction
 f - a potion of berserk rage {unknown}
 j - 2 potions of flight
 k - a potion of might {unknown}
 q - a potion of lignification
 s - a potion of heal wounds {unknown}


   Skills:
 + Level 4.5 Fighting
 + Level 6.0 Short Blades
 + Level 3.4 Armour
 + Level 4.1 Dodging
 + Level 5.6 Stealth
 + Level 1.4 Spellcasting
 + Level 1.8 Conjurations
 + Level 0.3 Evocations


You had 8 spell levels left.
You knew the following spells:

 Your Spells              Type           Power      Damage    Failure   Level
a - Magic Dart            Conj           16%        1d3       14%         1

Your spell library contained the following spells:

 Spells                   Type           Power      Damage    Failure   Level
 Animate Skeleton         Necr           0%         N/A       30%         1
 Apportation              Tloc           0%         N/A       30%         1
 Summon Small Mammal      Summ           0%         N/A       30%         1
 Call Imp                 Summ           0%         N/A       43%         2
 Mephitic Cloud           Conj/Pois/Air  2%         N/A       58%         3


Dungeon Overview and Level Annotations

Branches:
Dungeon (6/15)
 Temple: D:4-7

Altars:
Gozag
Kikubaaqudgha

Shops:
D:2 (


Innate Abilities, Weirdness & Mutations

You are a tree.
Your roots penetrate the ground, keeping you stationary.
You cannot be teleported.
You are immune to unholy pain and torment.
Your maximum health is greatly increased.
Your equipment is partially melded.
((Your serpentine skin is tough. (AC +2)))
You have supernaturally acute eyesight. (SInv)
((Armour fits poorly on your strangely shaped body.))
((Your system is resistant to poisons. (rPois)))
((You cover ground very slowly.))
You can spit poison.
((You have a snake-like lower body.))


Message History

The crimson imp hits you with a +0 dagger of chaos.
* * * LOW HITPOINT WARNING * * *
The crimson imp burns you.
* * * LOW HITPOINT WARNING * * *
The white imp gestures at you.
The puff of frost hits you but does no damage.
You resist.
It was a potion of curing.
You feel better.
The crimson imp hits you with a +0 dagger of chaos.
* * * LOW HITPOINT WARNING * * *
Okay, then.
You hit the orc priest.
The orc priest is lightly wounded.
The orc barely misses you.
The orc priest invokes the aid of Beogh against you.
Beogh smites you!
* * * LOW HITPOINT WARNING * * *
The crimson imp closely misses you.
It was a potion of lignification.
You turn into a tree.
Your +0 pair of gloves melds into your body.
Your +0 barding melds into your body.
Your +2 leather armour of cold resistance melds into your body.
You feel less resistant to cold.
Your roots penetrate the ground.
The white imp gestures at you.
The puff of frost hits you but does no damage.
The orc hits you but does no damage.
The orc priest hits you but does no damage.
The crimson imp hits you but does no damage.
You hit the orc priest.
The orc priest is moderately wounded.
The white imp gestures at you. The puff of frost hits you!
* * * LOW HITPOINT WARNING * * *
The orc hits you but does no damage.
The orc priest hits you but does no damage.
You feel better. The crimson imp barely misses you.
The white imp hits you but does no damage.
The orc priest mumbles some strange prayers to Beogh against you.
Beogh smites you!
You die...

# # #. ### # #.
.....# # #.. #.#..#
##'###.#..# ###
#.........# ..#
#....#.#..# #.# #
...oohoo..# #.#.#
#.# #5♣..#
#.#.####.#
#.5..###.#
..........
#........#
#.#.####.#
#...........# #.#.#
#.# #.#.#.####.#.##
#.#.# #.# #...... #
#.#.####.####.....##
#.#...............#
....(.##.####.#.#.#


You could see a hound, 2 orc priests, an orc wizard, a crimson imp, a white imp
and an orc.

Vanquished Creatures
  The ghost of ytrimaz the Skirmisher, an amateur DsFi of Dithmenos (D:4)
  An ice beast (D:6)
  A black bear (D:5)
  An ogre (D:5)
  A scorpion (D:4)
  A water moccasin zombie (D:4)
  A wyvern skeleton (D:4)
  A water moccasin skeleton (D:5)
  2 centaur zombies (D:6)
  3 hounds
  An orc priest (D:3)
  2 jellies
  2 iguanas
  15 adders
  A worm (D:4)
  2 dart slugs
  4 orcs
  10 endoplasms
  3 giant cockroaches
  5 goblins
  2 hobgoblins
  5 kobolds
  2 quokkas
  11 ball pythons
  4 bats
  3 frilled lizards
  4 rats
89 creatures vanquished.

Notes
Turn   | Place    | Note
-------+----------+-------------------------------------------
     0 | D:1      | cheechan the Naga Monk began the quest for the Orb.
     0 | D:1      | Reached XP level 1. HP: 21/21 MP: 1/1
   362 | D:1      | Reached XP level 2. HP: 22/28 MP: 2/2
   788 | D:2      | Reached XP level 3. HP: 28/34 MP: 3/3
  1173 | D:2      | Found Ytsufek's Weapon Boutique.
  1266 | D:2      | Reached XP level 4. HP: 21/42 MP: 4/4
  1337 | D:2      | Reached skill level 1 in Armour
  1494 | D:2      | Reached XP level 5. HP: 41/50 MP: 5/5
  1660 | D:3      | Learned a level 1 spell: Magic Dart
  1799 | D:3      | Found an ancient bone altar of Kikubaaqudgha.
  2024 | D:3      | You fall into a shaft and drop 2 floors!
  2024 | D:5      | Entered Level 5 of the Dungeon
  2084 | D:5      | Reached skill level 4 in Short Blades
  2458 | D:3      | Reached XP level 6. HP: 55/57 MP: 6/6
  2559 | D:3      | Reached skill level 1 in Conjurations
  3382 | D:4      | Found an opulent altar of Gozag.
  3481 | D:4      | Found a runed translucent gate.
  3481 | D:4      | Found a runed translucent gate.
  3555 | D:4      | Found a runed translucent gate.
  3558 | D:4      | Noticed ytrimaz's ghost (amateur DsFi)
  3588 | D:4      | Killed ytrimaz's ghost
  3589 | D:4      | Reached skill level 1 in Spellcasting
  3589 | D:4      | Reached XP level 7. HP: 52/64 MP: 8/8
  3591 | D:4      | Reached skill level 5 in Short Blades
  3601 | D:4      | Reached skill level 5 in Stealth
  4453 | D:5      | Reached XP level 8. HP: 10/73 MP: 9/9
  4892 | D:6      | Noticed a komodo dragon
  4982 | D:6      | Reached skill level 6 in Short Blades
  5100 | D:6      | HP: 1/109 [white imp/puff of frost (9)]
  5101 | D:6      | Killed from afar by an orc priest

Illustrated notes

Levels and vault maps discovered:
D:1:      tarquinn_simple_flora_water_a, layout_loops_corners,
          minmay_misc_feat_x
D:2:      layout_rooms, serial_shops, shop
D:3:      layout_basic, mainiacjoe_overflow_alcove_4,
          hangedman_abyss_or_decor_lesser_grid, minmay_curled_crystal,
          minmay_snake_closets
D:4:      layout_loops_cross, grunt_gozag_breadcrumbs,
          gammafunk_ghost_necromancy
D:5:      layout_loops_ring, kennysheep_crisscross
D:6:      layout_basic, grunt_temple_overflow_champion_of_chaos,
          minmay_temple_entry_proselytizer

Skill      XL: |  1  2  3  4  5  6  7  8 |
---------------+-------------------------+-----
Dodging        | 3 4 |  4.1
Armour         | 1 2 3 |  3.4
Short Blades   | 4 5 6 |  6.0
Conjurations   | 1 |  1.8
Fighting       | 4 |  4.5
Stealth        | 4 5 |  5.6
Spellcasting   | 1 |  1.4
Evocations     | |  0.3

Action                   |  1- 3 |  4- 6 |  7- 9 || total
-------------------------+-------+-------+-------++-------
Melee: Short sword       |    78 |   213 |    96 ||   387
 Cast: Magic Dart        |       |    12 |     3 ||    15
 Abil: Spit Poison       |     8 |    18 |     3 ||    29
Evoke: Wand              |       |     2 |       ||     2
  Use: Scroll            |     1 |     2 |     6 ||     9
       Potion            |       |       |     3 ||     3
 Stab: Sleeping          |     1 |     6 |     4 ||    11
Armor: Robe              |     6 |       |       ||     6
       Leather armour    |    12 |    81 |    68 ||   161
       Skin              |       |       |     7 ||     7
Dodge: Dodged            |    49 |   120 |    51 ||   220

Table legend: (Time is in decaauts)
 A = Elapsed time spent in this place.
 B = Non-inter-level travel time spent in this place.
 C = Inter-level travel time spent in this place.
 D = Time resting spent in this place.
 E = Time spent auto-exploring this place.
 F = Levels seen in this place.
 G = Mean time per level.
                   A        B        C        D        E       F      G
               +--------+--------+--------+--------+--------+-----+--------+
         Total |   6558 |   6558 |      0 |    753 |      0 |   6 | 1093.0 |
       Dungeon |   6558 |   6558 |      0 |    753 |      0 |   6 | 1093.0 |
               +--------+--------+--------+--------+--------+-----+--------+

Top non-repeatable levels by time:
     D:3: 1562 daAuts
     D:5: 1312 daAuts
     D:4: 1207 daAuts
     D:1: 1056 daAuts
     D:2: 1050 daAuts
     D:6: 368 daAuts
